Map: Vigía EE

Players

POSIDEN

  • Race: Terran Terran
  • League: Diamond
  • Spawn Location: 5:00

IMxGRIMM

  • Race: Zerg Zerg
  • League: Diamond
  • Spawn Location: 5:00

weinerdog

  • Race: Terran Terran
  • League: Platinum
  • Spawn Location: 6:00

TATORREA

  • Race: Protoss Protoss
  • League: Gold
  • Spawn Location: 12:00

MrFercho

  • Race: Zerg Zerg
  • League: Gold
  • Spawn Location: 9:00

tigro

  • Race: Terran Terran
  • League: Bronze
  • Spawn Location: 9:00

VOD

Have the link to the VOD?

Description

Time

  • Played on: Aug. 21, 2020, 9:07 p.m.
  • Length: 14:21
Show
View Real Time Build Order
Export as new Build Order

POSIDEN Terran 

Build Orders:  

Get SALT Encoding   

  12  0:00  SCV  
  13  0:14  SCV  
  13  0:20  Supply Depot  
  14  0:26  SCV  
  15  0:31  Refinery  
  15  0:41  SCV  
  16  0:46  Barracks  
  16  0:53  SCV  
  17  1:05  SCV  
  18  1:18  SCV  
  19  1:33  Orbital Command  
  19  1:42  Factory  
  19  1:48  Refinery  
  19  1:53  Barracks Tech Lab  
  19  2:05  Command Center  
  19  2:10  SCV  
  20  2:19  Supply Depot  
  20  2:40  Supply Depot  
  20  2:43  Siege Tank  
  23  2:47  Barracks Reactor  
  23  2:52  SCV  
  24  3:04  SCV  
  25  3:18  Barracks  
  25  3:35  Command Center  
  25  3:38  Marine  
  25  3:39  Marine  
  27  3:55  Siege Tank  
  30  3:56  Marine  
  30  3:57  Marine  
  32  4:08  SCV  
  33  4:15  Orbital Command  
  33  4:24  SCV  
  34  4:33  Barracks Tech Lab  
  34  4:36  Barracks, Siege Tank, SCV  
  38  4:44  SCV  
  39  4:48  SCV  
  40  4:56  SCV  
  40  4:58  Supply Depot  
  40  4:59  Engineering Bay  
  44  5:14  Marine x2, Siege Tank  
  44  5:18  Stimpack  
  46  5:27  Starport  
  46  5:29  Marine  
  46  5:32  Marine  
  46  5:33  Barracks Reactor  
  45  5:56  Marine x2  
  43  5:58  Siege Tank  
  43  6:03  SCV x2  
  48  6:05  Terran Infantry Weapons Level 1  
  48  6:09  Supply Depot, Engineering Bay  
  48  6:15  Command Center, SCV x2  
  50  6:34  Starport Reactor  
  50  6:38  Terran Infantry Armor Level 1  
  50  6:42  Armory  
  50  6:43  SCV x2  
  50  6:44  Orbital Command  
  52  6:49  Refinery  
  52  6:55  SCV  
  53  7:04  Marine  
  53  7:05  Marine x4  
  53  7:07  Combat Shield  
  58  7:10  Medivac  
  60  7:22  Marine x2  
  60  7:27  Missile Turret  
  62  7:32  Missile Turret  
  62  7:33  Terran Vehicle Weapons Level 1  
  62  7:34  Marine x3  
  62  7:36  Siege Tank  
  68  7:40  Marine x2  
  70  7:52  Marine  
  71  8:08  SCV x3  
  74  8:19  Marine  
  74  8:20  Command Center, Marine x3, SCV x2  
  74  8:21  SCV  
  74  8:24  Barracks  
  81  8:30  Siege Tank  
  81  8:32  SCV  
  81  8:34  Medivac x2  
  89  8:38  SCV x2  
  91  8:44  SCV  
  92  8:49  Marine x2  
  92  8:50  Marine x3, SCV, Refinery  
  98  9:02  Barracks  
  98  9:03  Widow Mine  
  98  9:09  Supply Depot, Marine x4, SCV x2  
  106  9:12  Supply Depot, Terran Infantry Weapons Level 2  
  106  9:13  Terran Infantry Armor Level 2  
  106  9:17  Orbital Command  
  106  9:39  Marine x4  
  106  9:40  Marine  
  106  9:43  Barracks Reactor  
  111  9:47  Medivac x2  
  111  9:51  Barracks  
  115  9:53  Supply Depot  
  115  9:54  Supply Depot  
  115  9:57  Supply Depot, Marine  
  116  10:01  Supply Depot  
  116  10:03  Refinery  
  116  10:04  Refinery  
  116  10:06  SCV  
  118  10:07  SCV x3  
  118  10:11  Marine x3  
  118  10:12  Marine  
  124  10:14  Barracks Reactor  
  124  10:15  Marine  
  58  11:06  Marine x3  
  58  11:07  Marine x4  
  58  11:10  Barracks Reactor  
  61  11:17  Siege Tank  
  64  11:20  Marine x2  
  64  11:24  Marine x4  
  64  11:25  Marine x3  
  73  11:30  SCV x3  
  73  11:31  SCV  
  77  11:38  Marine x2  
  79  11:42  Marine  
  79  11:43  SCV x2  
  79  11:46  Command Center  
  82  11:49  Siege Tank  
  82  11:52  SCV x2  
  87  11:55  Marine, SCV  
  87  11:56  Marine x8  
  87  11:57  Marine  
  87  12:00  Marine  
  99  12:12  Medivac x2, Factory  
  99  12:13  Marine x2  
  99  12:14  Marine x8  
  113  12:17  Marine  
  113  12:21  Siege Tank  
  117  12:31  Marine  
  117  12:35  Marine x4  
  117  12:36  Marine x6  
  128  12:49  Marine  
  129  12:53  Marine x2, Siege Tank  
  134  13:06  Barracks, Marine x5  
  134  13:07  Marine x4  
  134  13:11  Marine x2  
  145  13:22  Factory Tech Lab  
  145  13:25  Siege Tank  
  139  13:51  Marine x7  
  139  13:52  Marine  
  139  13:53  Marine  
Show
View Real Time Build Order
Export as new Build Order

IMxGRIMM Zerg 

Build Orders: 3 Hatch before Pool 

Get SALT Encoding   

  12  0:01  Drone  
  13  0:08  Drone  
  14  0:16  Overlord  
  14  0:35  Drone x3  
  17  0:55  Hatchery  
  16  1:04  Drone x2  
  16  1:09  Drone  
  19  1:21  Drone  
  20  1:35  Hatchery  
  20  1:39  Drone  
  20  1:57  Spawning Pool  
  20  1:58  Extractor  
  20  1:59  Drone x2  
  20  2:00  Extractor  
  19  2:05  Drone  
  19  2:08  Drone  
  21  2:18  Drone x2  
  23  2:25  Drone  
  24  2:31  Drone  
  25  2:38  Drone  
  25  2:41  Drone  
  27  2:46  Queen x2  
  27  2:47  Queen  
  33  2:52  Overlord  
  33  2:59  Drone  
  34  3:08  Baneling Nest  
  34  3:09  Drone  
  34  3:12  Drone x3  
  37  3:14  Drone  
  37  3:16  Drone  
  40  3:20  Drone  
  40  3:36  Drone  
  40  3:37  Drone  
  42  3:45  Overlord x3  
  42  3:49  Lair  
  42  3:57  Evolution Chamber  
  42  4:00  Metabolic Boost, Evolution Chamber  
  42  4:01  Drone  
  42  4:02  Drone  
  42  4:05  Extractor  
  42  4:07  Extractor  
  40  4:13  Drone  
  40  4:14  Drone x5  
  46  4:21  Drone x2  
  48  4:25  Drone x3  
  51  4:44  Drone x2  
  51  4:45  Drone x9  
  62  4:53  Drone, Infestation Pit  
  62  5:02  Drone x3  
  62  5:03  Drone  
  62  5:07  Extractor  
  65  5:09  Extractor, Drone x2  
  65  5:11  Overlord x2  
  65  5:12  Overlord  
  66  5:32  Centrifical Hooks  
  66  5:34  Hive  
  66  5:36  Zerg Melee Weapons Level 1  
  66  5:37  Zergling x2, Zerg Ground Armor Level 1  
  66  5:38  Zergling x14  
  74  5:48  Drone  
  74  5:49  Drone  
  76  5:50  Zergling x14  
  83  5:57  Drone x2  
  83  6:03  Zergling x2  
  87  6:04  Zergling x4  
  87  6:16  Zergling x8  
  83  6:38  Overlord x4  
  83  6:39  Overlord  
  83  6:43  Baneling x14  
  83  6:44  Baneling x13  
  83  6:53  Ultralisk Cavern  
  82  6:56  Zergling x6  
  82  6:57  Zergling x12  
  91  7:10  Zergling x16  
  91  7:11  Zergling x2  
  91  7:15  Hatchery  
  99  7:46  Zergling x2  
  99  7:47  Zergling x18  
  99  7:49  Zerg Ground Armor Level 2, Zerg Melee Weapons Level 2  
  99  7:51  Chitinous Plating  
  109  7:55  Baneling x15  
  109  7:56  Baneling x21  
  109  8:07  Drone  
  109  8:08  Drone x8  
  118  8:15  Drone  
  119  8:23  Zergling x4  
  119  8:24  Zergling x6  
  124  8:41  Pneumatized Carapace  
  124  8:47  Burrow  
  124  9:09  Anabolic Synthesis  
  124  9:13  Baneling x11  
  124  9:14  Baneling x19  
  124  9:15  Overlord x5  
  124  9:16  Overlord x3  
  124  9:33  Drone x5  
  124  9:34  Drone x12  
  124  9:36  Extractor  
  124  9:37  Extractor  
  139  10:15  Zergling x18  
  139  10:16  Zergling x6  
  139  10:20  Unknown  
  139  10:21  Hatchery  
  149  10:32  Zerg Melee Weapons Level 3  
  149  10:33  Zerg Ground Armor Level 3  
  149  10:35  Adrenal Glands  
  127  11:05  Ultralisk  
  127  11:07  Ultralisk  
  127  11:08  Ultralisk x8  
  182  11:16  Ultralisk x3  
  179  11:23  Ultralisk  
  175  11:29  Ultralisk  
  182  11:32  Drone  
  182  11:33  Drone x2  
  182  11:34  Drone x5  
  182  11:35  Drone x2  
  191  11:59  Ultralisk  
  197  12:50  Hydralisk Den  
  196  12:54  Roach Warren  
  195  13:04  Spine Crawler  
  195  13:05  Spine Crawler, Spore Crawler  
  192  13:07  Drone  
  192  13:08  Drone x5  
  192  13:09  Drone, Spine Crawler  
  192  13:10  Spine Crawler  
  192  13:11  Overlord x2, Spine Crawler, Drone  
Show
View Real Time Build Order
Export as new Build Order

weinerdog Terran 

Build Orders:  

Get SALT Encoding   

  12  0:02  SCV  
  13  0:14  SCV  
  14  0:19  Supply Depot  
  14  0:26  SCV  
  15  0:41  SCV  
  16  0:43  Barracks  
  16  0:53  SCV  
  17  1:05  SCV  
  18  1:17  SCV  
  19  1:25  Command Center  
  21  1:38  Orbital Command  
  19  1:41  Marine  
  20  1:48  Supply Depot  
  20  1:55  Refinery  
  20  2:04  SCV  
  21  2:11  Marine  
  22  2:16  Barracks  
  23  2:22  SCV  
  23  2:28  Refinery  
  23  2:32  Marine  
  24  2:50  Marine  
  24  2:51  Orbital Command  
  25  2:54  SCV  
  26  3:00  Command Center  
  26  3:06  SCV  
  26  3:08  Marine  
  26  3:11  Supply Depot  
  28  3:18  SCV  
  28  3:19  SCV  
  30  3:25  Marine  
  31  3:30  SCV  
  32  3:40  SCV  
  33  3:42  Marine, SCV  
  35  3:48  Barracks Tech Lab  
  35  3:50  Factory  
  35  3:54  SCV x2  
  37  4:00  Marine  
  38  4:05  Engineering Bay  
  38  4:06  SCV  
  38  4:07  Marine, Engineering Bay  
  38  4:08  SCV  
  41  4:15  Orbital Command  
  41  4:18  SCV  
  41  4:21  Barracks Reactor  
  41  4:22  Stimpack  
  42  4:24  SCV  
  42  4:31  SCV  
  44  4:36  SCV  
  44  4:37  Refinery  
  45  4:42  Terran Infantry Armor Level 1, Terran Infantry Weapons Level 1  
  45  4:44  Supply Depot, SCV x2  
  47  4:49  Marine, SCV  
  49  4:55  Factory Tech Lab  
  49  4:56  SCV  
  50  5:01  Starport  
  50  5:04  SCV x2  
  52  5:07  Marine x2  
  52  5:08  Marine, SCV  
  56  5:16  SCV x2  
  56  5:20  Siege Tank, SCV  
  62  5:25  Marine  
  61  5:28  SCV x2  
  50  5:44  Marine  
  50  5:45  Marine x2  
  53  5:56  SCV x3  
  50  6:02  Combat Shield  
  48  6:08  SCV x2  
  49  6:20  SCV x2  
  47  6:32  SCV x2  
  47  6:34  Command Center  
  47  6:39  Marine  
  48  6:40  Marine  
  48  6:42  Siege Tank  
  48  6:43  Starport Reactor  
  48  6:44  SCV  
  48  6:45  SCV  
  55  6:51  Barracks  
  55  6:54  Barracks  
  55  6:56  Barracks, SCV  
  55  6:57  Barracks, SCV  
  55  6:58  Armory, Marine x2  
  55  6:59  Marine  
  60  7:01  Refinery  
  60  7:08  SCV  
  61  7:15  Marine  
  62  7:43  Supply Depot  
  62  7:44  Supply Depot  
  62  7:45  Marine, SCV x2  
  62  7:49  Orbital Command  
  62  7:50  Marine  
  68  7:52  Barracks Reactor  
  68  7:53  Barracks Reactor x3  
  68  7:57  SCV x2  
  68  8:09  SCV  
  68  8:10  Barracks, SCV  
  68  8:12  Barracks x2, Terran Infantry Weapons Level 2, Terran Infantry Armor Level 2  
  70  8:13  Barracks x2  
  70  8:15  SCV  
  70  8:16  Barracks  
  70  8:18  Marine x3  
  74  8:22  SCV x2  
  76  8:27  SCV  
  76  8:28  Supply Depot  
  76  8:29  Supply Depot  
  76  8:33  Marine x3  
  76  8:34  Marine x5, SCV x2  
  83  8:36  Marine x2, Siege Tank  
  83  8:39  SCV  
  93  8:46  Missile Turret  
  93  8:49  Medivac x2, SCV x2  
  93  8:50  Supply Depot, Missile Turret  
  93  8:51  SCV  
  93  8:53  Missile Turret  
  100  8:58  Supply Depot  
  100  9:01  SCV x2  
  102  9:03  SCV  
  102  9:09  Barracks Tech Lab x4  
  103  9:10  Barracks Tech Lab x2, Command Center  
  103  9:13  Marine, SCV x2  
  103  9:14  Marine  
  103  9:15  Marine x2  
  103  9:16  Marine  
  110  9:19  Medivac x2  
  116  9:49  Medivac  
  116  9:52  Marauder  
  118  9:55  Marauder x3  
  124  10:02  Supply Depot  
  124  10:04  Supply Depot  
  124  10:22  Marauder x7, Medivac  
  124  10:24  Missile Turret  
  124  10:25  Planetary Fortress  
  140  10:33  Marine x10  
  150  10:41  Refinery  
  150  10:44  Marauder x3  
  150  10:45  Refinery  
  150  10:46  Missile Turret  
  156  11:06  Missile Turret  
  156  11:14  Supply Depot  
  156  11:16  Supply Depot  
  156  11:36  Marauder, Marine x8  
  156  11:37  Marine x2  
  156  11:38  Marauder x3  
  156  11:39  Supply Depot  
  172  11:43  Medivac, SCV  
  172  11:44  Marauder  
  172  11:45  Marauder, Medivac  
  172  11:46  Marauder, Siege Tank  
  171  11:53  Marine x5  
  167  11:55  Marine  
  167  11:57  Marauder  
  167  11:59  Marauder  
  167  12:01  Marauder x2  
  173  12:06  Marauder  
  173  12:07  Marauder x2, Marine x2  
  147  12:18  Siege Tank  
  147  12:19  Marauder, Marine  
  147  12:20  Marauder, Marine x7  
  147  12:22  Marauder x2  
  158  12:25  Marine x2  
  158  12:27  Marauder  
  158  12:28  Marauder x2  
  163  12:37  Marine  
  163  12:38  Medivac x2, Marine x7  
  163  12:40  Marauder  
  163  12:42  Marauder, Marine  
  163  12:43  Marine x2  
  163  12:44  Marauder  
  177  12:48  Marine  
  177  12:49  Marine  
  179  12:52  Marine  
  180  13:07  Marine  
  180  13:09  Marine x5  
  180  13:10  Marine x2  
  180  13:11  Marine x5  
  180  13:12  Marine  
  180  13:13  Marine x2  
  180  13:14  Medivac  
  180  13:17  Command Center  
  134  13:28  Marine  
  134  13:29  Marine x13  
  134  13:30  Command Center, Marine x3  
  134  13:31  Command Center  
  151  13:46  Marine  
  151  13:47  Marine x8  
Show
View Real Time Build Order
Export as new Build Order

TATORREA Protoss 

Build Orders:  

Get SALT Encoding   

  12  0:03  Probe  
  13  0:15  Probe  
  14  0:25  Pylon  
  14  0:27  Probe  
  15  0:43  Probe  
  16  0:50  Gateway  
  16  0:55  Probe  
  17  1:03  Assimilator  
  17  1:07  Probe  
  18  1:18  Gateway  
  18  1:19  Probe  
  19  1:27  Assimilator  
  19  1:30  Pylon  
  19  1:31  Probe  
  20  1:44  Probe (Chrono Boost)  
  21  1:51  Pylon  
  21  1:56  Probe (Chrono Boost)  
  21  2:00  Cybernetics Core  
  22  2:04  Probe (Chrono Boost)  
  23  2:10  Probe  
  23  2:11  Gateway  
  24  2:39  Twilight Council  
  24  2:42  Warp Gate  
  23  3:00  Nexus  
  23  3:02  Pylon  
  23  3:07  Resonating Glaives (Chrono Boost)  
  23  3:22  Adept  
  23  3:23  Adept x2  
  29  3:52  Adept  
  29  3:53  Adept x2  
  35  4:01  Probe  
  35  4:02  Pylon  
  36  4:13  Probe  
  36  4:14  Probe, Stargate  
  38  4:25  Probe  
  38  4:26  Probe  
  40  4:35  Adept  
  40  4:37  Adept, Probe  
  40  4:38  Probe  
  46  4:42  Adept  
  48  4:49  Probe  
  48  4:50  Probe  
  50  4:58  Charge  
  50  5:02  Probe x2  
  52  5:14  Probe x2  
  48  5:58  Probe  
  48  5:59  Probe  
  50  6:08  Fleet Beacon  
  50  6:11  Probe x2  
  52  6:12  Void Ray  
  50  6:21  Nexus  
  50  6:23  Pylon, Probe x2  
  48  6:25  Pylon  
  46  6:35  Probe x2  
  48  6:42  Assimilator  
  48  6:47  Assimilator, Probe x2  
  48  6:48  Gateway  
  48  6:49  Void Ray (Chrono Boost)  
  48  6:51  Gateway x2  
  50  6:55  Unknown  
  50  6:59  Probe  
  55  7:05  Stalker x3  
  61  7:13  Probe x2  
  63  7:22  Blink  
  63  7:23  Void Ray (Chrono Boost)  
  63  7:25  Probe x2  
  69  7:34  Stalker x3  
  75  7:39  Probe x2  
  75  7:41  Probe  
  78  7:53  Void Ray  
  78  7:55  Gateway  
  78  7:56  Cybernetics Core  
  78  7:57  Probe x2  
  78  7:58  Probe  
  85  8:09  Probe  
  86  8:15  Assimilator  
  86  8:20  Assimilator  
  86  8:22  Protoss Air Weapons Level 1 (Chrono Boost)  
  86  8:24  Forge  
  86  8:27  Forge  
  86  8:29  Probe x3  
  86  8:30  Void Ray  
  86  8:31  Pylon x2  
  89  8:41  Probe x3  
  96  8:58  Stalker  
  96  8:59  Stalker  
  96  9:00  Stalker  
  102  9:04  Protoss Ground Weapons Level 1 (Chrono Boost)  
  102  9:07  Void Ray  
  102  9:08  Protoss Shields Level 1 (Chrono Boost)  
  106  9:27  Protoss Air Armor Level 1 (Chrono Boost)  
  106  9:28  Nexus  
  106  9:31  Pylon  
  106  9:33  Pylon  
  106  9:40  Templar Archives  
  106  9:48  Gateway  
  106  9:52  Gateway, Void Ray  
  110  10:16  Protoss Air Weapons Level 2 (Chrono Boost)  
  110  10:17  Zealot x5  
  110  10:18  Zealot x2  
  110  10:19  Gateway  
  124  10:23  Gateway  
  124  10:29  Gateway  
  124  10:32  Gateway  
  124  10:35  Gateway  
  67  10:58  Void Ray  
  67  10:59  Stalker x3  
  67  11:00  Stalker x3  
  67  11:01  Stalker x3  
  69  11:18  Zealot  
  69  11:23  Zealot x2  
  69  11:24  Zealot x4  
  69  11:25  Zealot x3  
  89  11:29  Probe  
  89  11:30  Probe x3  
  93  11:35  Void Ray  
  93  11:41  Probe  
  93  11:42  Probe x3  
  101  11:51  Psionic Storm  
  101  11:54  Probe x4  
  103  12:04  Stalker x3  
  103  12:05  Stalker x5  
  103  12:06  Probe x3  
  100  12:51  Zealot x4  
  76  12:52  Zealot x5  
  76  12:53  Zealot x3  
  76  12:54  Zealot  
  76  12:55  Zealot  
  102  13:02  Carrier (Chrono Boost)  
  88  13:25  High Templar x5  
  88  13:26  High Templar x5  
  96  13:27  High Templar x2  
  96  13:29  Zealot x2  
  96  13:31  Archon x6  
  96  13:33  Probe x3  
  108  13:34  Probe  
  108  13:45  Probe x3  
  108  13:46  Probe  
  98  14:04  Zealot x3  
  98  14:05  Zealot x4  
  98  14:06  Zealot x3  
  98  14:07  Zealot x3  
Show
View Real Time Build Order
Export as new Build Order

MrFercho Zerg 

Build Orders: Hatch First, Muta Ling Bane 

Get SALT Encoding   

  12  0:01  Drone  
  13  0:18  Overlord  
  13  0:24  Drone  
  14  0:45  Drone x3  
  18  0:57  Drone  
  18  0:59  Hatchery  
  17  1:09  Overlord  
  17  1:23  Extractor  
  16  1:45  Spawning Pool, Drone x3  
  18  2:02  Overlord  
  18  2:10  Drone  
  18  2:12  Drone  
  20  2:18  Drone  
  21  2:23  Drone  
  22  2:31  Drone  
  22  2:33  Queen x2  
  22  2:36  Zergling x2  
  28  2:40  Zergling x2  
  29  2:44  Drone  
  30  2:53  Drone  
  30  2:56  Metabolic Boost  
  31  3:00  Drone  
  31  3:02  Overlord  
  32  3:10  Drone  
  33  3:16  Queen  
  33  3:18  Lair  
  33  3:19  Drone x2  
  37  3:23  Spore Crawler  
  36  3:27  Drone x2  
  38  3:45  Extractor  
  37  3:49  Roach Warren  
  37  3:50  Spore Crawler  
  37  3:51  Drone x3  
  37  3:52  Drone x3  
  37  3:53  Drone x2  
  43  4:00  Pneumatized Carapace  
  43  4:06  Drone x2  
  43  4:08  Extractor  
  43  4:09  Extractor  
  43  4:12  Drone  
  44  4:19  Evolution Chamber  
  43  4:24  Zergling x4  
  43  4:26  Overlord  
  43  4:28  Glial Reconstitution  
  45  4:32  Drone x3  
  48  4:38  Drone  
  48  4:39  Drone x2  
  48  4:40  Overlord  
  48  4:44  Queen  
  53  4:53  Zergling x6  
  53  4:59  Zerg Missile Weapons Level 1  
  56  5:01  Overlord x2  
  56  5:10  Zergling x6  
  55  5:46  Roach x3  
  55  5:47  Roach x7  
  55  5:49  Overlord  
  71  5:58  Drone x3  
  71  5:59  Overlord x2  
  74  6:11  Hatchery, Overseer  
  73  6:12  Overseer  
  72  6:37  Drone x2  
  74  6:41  Spire  
  74  6:46  Overlord  
  73  6:50  Hatchery, Overseer  
  72  7:01  Roach  
  72  7:02  Roach x10  
  94  7:15  Drone x2  
  95  7:19  Zerg Missile Weapons Level 2  
  95  7:20  Hydralisk Den  
  95  7:35  Overlord x3  
  95  7:57  Baneling Nest  
  94  7:59  Overlord x3  
  94  8:11  Zergling x10  
  94  8:12  Zergling x18  
  108  8:14  Ravager x3  
  108  8:15  Overlord  
  111  8:24  Hatchery  
  111  8:25  Muscular Augments  
  110  8:34  Evolution Chamber  
  109  8:37  Overseer  
  109  8:38  Zerg Flyer Weapons Level 1  
  109  8:42  Drone x2  
  109  8:43  Centrifical Hooks, Infestation Pit  
  110  8:49  Mutalisk  
  110  8:50  Mutalisk x2  
  110  8:52  Overlord x3  
  110  8:53  Zergling x6  
  110  8:54  Zergling x6  
  122  9:01  Drone x6  
  128  9:08  Overlord  
  128  9:09  Overlord  
  128  9:19  Spore Crawler  
  128  9:22  Spine Crawler  
  128  9:23  Drone x3  
  129  9:31  Hive  
  129  9:36  Grooved Spines  
  129  9:52  Drone x6  
  135  9:53  Drone x3  
  135  9:54  Drone  
  135  9:57  Extractor  
  135  9:58  Extractor  
  137  10:01  Spore Crawler  
  137  10:04  Spine Crawler  
  137  10:06  Hydralisk  
  135  10:07  Hydralisk  
  135  10:08  Spine Crawler  
  138  10:23  Baneling x13  
  138  10:32  Zerg Ground Armor Level 1  
  138  10:33  Zerg Melee Weapons Level 1  
  114  11:29  Hydralisk x9  
  114  11:30  Hydralisk x9  
  79  12:07  Zergling x14  
  79  12:08  Zergling x42  
  107  12:24  Drone x3  
  110  12:55  Extractor  
  110  12:56  Hatchery  
  108  12:59  Mutalisk x3  
  108  13:00  Mutalisk x2  
  108  13:01  Lurker Den  
  43  13:43  Mutalisk  
  43  13:44  Mutalisk x7  
Show
View Real Time Build Order
Export as new Build Order

tigro Terran 

Build Orders:  

Get SALT Encoding   

  12  0:22  SCV  
  12  0:27  Supply Depot  
  13  0:34  SCV  
  14  0:46  SCV  
  14  0:47  Refinery  
  14  0:49  Supply Depot  
  15  0:59  SCV  
  16  1:08  Barracks  
  16  1:23  SCV  
  17  1:36  SCV  
  18  1:42  Refinery  
  18  1:48  SCV  
  19  1:57  Marine  
  19  2:00  SCV  
  21  2:11  Factory  
  21  2:12  SCV  
  21  2:14  Marine  
  23  2:24  SCV  
  24  2:32  Marine  
  24  2:36  SCV  
  26  2:50  Marine  
  28  2:55  Orbital Command  
  28  2:58  Factory Tech Lab  
  27  3:08  Marine  
  27  3:11  Engineering Bay  
  28  3:20  Siege Tank  
  31  3:27  Barracks Tech Lab  
  31  3:52  Terran Infantry Weapons Level 1, Siege Tank  
  31  3:54  Command Center  
  34  4:24  Siege Tank  
  34  4:30  Missile Turret  
  37  4:43  Marine  
  38  4:52  Missile Turret  
  38  5:01  Marine  
  39  5:13  SCV  
  40  5:15  Missile Turret  
  40  5:19  Marine  
  41  5:25  SCV  
  42  5:36  Marine  
  42  5:37  Starport  
  42  5:38  SCV  
  44  5:46  Terran Infantry Armor Level 1  
  44  5:50  Missile Turret, SCV  
  44  5:54  Marine  
  44  6:02  SCV  
  45  6:12  Marine  
  45  6:14  Missile Turret  
  44  6:30  Marine  
  38  6:37  Missile Turret  
  38  6:39  Siege Tank  
  41  6:48  Marine  
  41  6:50  Medivac  
  44  7:05  Marine  
  45  7:11  Refinery  
  45  7:15  SCV  
  45  7:18  Refinery  
  45  7:20  Medivac  
  48  7:23  Marine  
  48  7:27  SCV  
  50  7:40  SCV  
  50  7:41  Marine  
  52  7:52  SCV  
  52  7:56  Starport Tech Lab  
  53  7:59  Marine  
  53  8:04  SCV  
  55  8:10  Siege Tank  
  58  8:15  Neosteel Armor  
  58  8:16  SCV  
  58  8:17  Marine  
  60  8:25  Barracks  
  60  8:28  SCV  
  61  8:34  Marine  
  62  8:48  Supply Depot  
  62  8:56  Combat Shield  
  62  9:09  Marine  
  62  9:10  Cyclone, SCV  
  62  9:11  Supply Depot  
  62  9:16  Armory  
  67  9:22  SCV  
  68  9:27  Marine  
  69  9:34  SCV  
  69  9:35  Supply Depot  
  70  9:42  Cyclone  
  70  9:45  Marine  
  73  9:46  SCV  
  75  9:55  Hi-Sec Auto Tracking  
  75  9:58  SCV  
  76  10:04  Fusion Core  
  76  10:14  Barracks Reactor, Cyclone  
  76  10:15  Stimpack  
  79  10:22  Terran Vehicle Weapons Level 1  
  79  10:24  Command Center, Missile Turret  
  58  10:45  Missile Turret  
  58  10:46  Cyclone  
  60  10:50  Medivac  
  55  11:07  Planetary Fortress  
  52  11:13  Marine x3  
  56  11:18  Cyclone  
  53  11:30  Marine  
  53  11:31  Marine x2  
  56  11:45  Supply Depot, Weapon Refit  
  56  11:48  Terran Infantry Weapons Level 2, Marine  
  56  11:49  Marine x2  
  56  11:50  Thor  
  65  12:06  Marine x3  
  52  12:16  Terran Vehicle And Ship Armor Level 1  
  52  12:24  Marine x3  
  55  12:33  Thor  
  61  12:42  Medivac, Marine x3  
  62  12:59  Marine  
  62  13:00  Marine x2  
  64  13:16  Thor  
  64  13:17  Marine  
  64  13:18  Marine x2  
  67  13:36  Marine  
  59  13:41  Marine x2  
  61  13:53  Marine  
  47  13:59  Marine x2  
Tags
 
Add a new tag
Caveats
  • Supply blocks, unpowered buildings, or Contaminate may cause inaccurate times.
  • Supply counts are checked every 10 seconds.